 Dungeon Crawl Stone Soup version 0.28-a0-1567-g1695149f81 (webtiles) character file.

Game seed: 7843565160178588557

24 dolemite99 the Poker (level 2, 0/26 HPs)
             Began as a Minotaur Abyssal Knight on Jan 20, 2022.
             Was a Follower of Lugonu.
             Succumbed to a goblin's poison
             ... on level 1 of the Dungeon.
             The game lasted 00:01:55 (615 turns).

dolemite99 the Poker (Minotaur Abyssal Knight)       Turns: 615, Time: 00:01:56

Health: 0/26       AC:  3    Str: 17    XL:     2   Next: 79%
Magic:  2/2        EV: 11    Int:  7    God:    Lugonu [*.....]
Gold:   28         SH:  0    Dex: 10    Spells: 1/1 levels left

rFire   . . .      SeeInvis .   a - +1 spear
rCold   . . .      Faith    .   (no shield)
rNeg    . . .      Spirit   .   b - +0 leather armour
rPois   .          Reflect  .   (helmet restricted)
rElec   .          Harm     .   (no cloak)
rCorr   .          Rampage  .   (no gloves)
Will    .....                   (no boots)
Stlth   +.........              (no amulet)
HPRegen 0.08/turn               (no ring)
MPRegen 0.08/turn               (no ring)

@: lethally poisoned (0 -> -1)
A: horns 2, retaliatory headbutt
a: Renounce Religion, Depart the Abyss


You were on level 1 of the Dungeon.
You worshipped Lugonu.
Lugonu was aware of your devotion.
You visited 1 branch of the dungeon, and saw 1 of its levels.
You visited the Abyss 1 time.

You collected 28 gold pieces.

Inventory:

Hand Weapons
 a - a +1 spear (weapon)
Armour
 b - a +0 leather armour (worn)
Jewellery
 c - a ring of wizardry


   Skills:
 - Level 3.6 Fighting
 + Level 4.1 Polearms
 - Level 2.4 Armour
 - Level 1.1 Dodging
 - Level 1.7 Invocations


You had one spell level left.
You didn't know any spells.
Your spell library was empty.

Dungeon Overview and Level Annotations

Branches:
Dungeon (1/15)

Altars:


Innate Abilities, Weirdness & Mutations

You have a pair of horns on your head.
You reflexively headbutt those who attack you in melee.


Message History

The kobold closely misses you. You furiously retaliate!
You headbutt the kobold.
You kill the kobold!
Lugonu accepts your kill.
You see here a quokka corpse.
You barely miss the hobgoblin.
The hobgoblin is heavily wounded.
The bat closely misses you.
The hobgoblin hits you but does no damage.
You aren't carrying any potions.
Unknown command.
You hit the hobgoblin.
You kill the hobgoblin!
Lugonu accepts your kill.
The goblin hits you with a +2 dagger of venom.
* * * LOW HITPOINT WARNING * * *
You are lethally poisoned!
You hit the kobold.
You kill the kobold!
Lugonu accepts your kill.
* * * LOW HITPOINT WARNING * * *
You feel sick.
You aren't carrying any potions.
* * * LOW HITPOINT WARNING * * *
You feel sick. The rat bites you but does no damage.
The goblin completely misses you.
Things that are here:
a +0 club; 25 stones You hit the rat.
You kill the rat!
Lugonu accepts your kill.
* * * LOW HITPOINT WARNING * * *
You feel sick.
* * * LOW HITPOINT WARNING * * *
You feel sick.
* * * LOW HITPOINT WARNING * * *
You feel sick.
You hit the goblin. Your headbutt misses the goblin.
The goblin is heavily wounded.
You die...

####≈≈≈...###[..
>......≈≈≈≈≈≈≈≈≈≈≈.....#...
........≈≈≈≈≈≈≈≈≈......#...
........≈≈≈≈≈≈≈≈...........
..........≈≈≈≈≈....>...##..
.....#......#.........#..
.......##..>..........)
#)###...##........#..#
#.†bg@#...#.)......†..
#####.......#####.....
#..###.######......
#..................
#.....>............
##..................
#...............####
#...............#
##.#..............


You could see a goblin and a bat.

Vanquished Creatures
  4 ball pythons (D:1)
  An endoplasm (D:1)
  3 giant cockroaches (D:1)
  A hobgoblin (D:1)
  2 kobolds (D:1)
  A quokka (D:1)
  A bat (D:1)
  5 goblins (D:1)
  4 rats (D:1)
22 creatures vanquished.

Notes
Turn   | Place    | Note
-------+----------+-------------------------------------------
     0 | Abyss:1  | dolemite99 the Minotaur Abyssal Knight began the quest for
                  | the Orb.
     0 | Abyss:1  | Reached XP level 1. HP: 19/19 MP: 1/1
    89 | D:1      | Escaped the Abyss
   196 | D:1      | Reached skill level 3 in Polearms
   232 | D:1      | Reached XP level 2. HP: 13/26 MP: 2/2
   607 | D:1      | Reached skill level 4 in Polearms
   613 | D:1      | HP: 1/26 [poisoned by a goblin]
   615 | D:1      | Succumbed to a goblin's poison

Illustrated notes

Levels and vault maps discovered:
D:1:      wander_arrival_abandoned_jail, layout_rooms,
          nicolae_ecumenical_lake_church

Skill      XL: |  1  2 |
---------------+-------+-----
Polearms       | 3 4 |  4.1
Fighting       | |  3.6
Armour         | |  2.4
Dodging        | |  1.1
Invocations    | |  1.7

Action                   || total
-------------------------++-------
Melee: Spear             ||    36
       Headbutt          ||     4
Armor: Leather armour    ||    19
Dodge: Dodged            ||    38

Table legend: (Time is in decaauts)
 A = Elapsed time spent in this place.
 B = Non-inter-level travel time spent in this place.
 C = Inter-level travel time spent in this place.
 D = Time resting spent in this place.
 E = Time spent auto-exploring this place.
 F = Levels seen in this place.
 G = Mean time per level.
                   A        B        C        D        E       F      G
               +--------+--------+--------+--------+--------+-----+--------+
         Total |    612 |    612 |      0 |    299 |    173 |   2 |  306.0 |
       Dungeon |    523 |    523 |      0 |    299 |     93 |   1 |  523.0 |
         Abyss |     89 |     89 |      0 |      0 |     80 |   1 |   89.0 |
               +--------+--------+--------+--------+--------+-----+--------+

Top non-repeatable levels by time:
     D:1: 523 daAuts
 Abyss:1: 89 daAuts
